Map: [EWC] Crimson Court

Players

ByuN - Winner!

  • Race: Terran Terran
  • Spawn Location: 1:00

Spirit

  • Race: Terran Terran
  • Spawn Location: 7:00

Event: Esports World Cup 2024

VOD

Have the link to the VOD?

Description

Time

  • Played on: Aug. 15, 2024, 5:19 a.m.
  • Length: 7:58

All games in this series

Show
View Real Time Build Order
Export as new Build Order

ByuN Terran - Winner!

Build Orders: Cyclone Opening 

Get SALT Encoding   

  12  0:00  SCV  
  13  0:12  SCV  
  14  0:17  Supply Depot  
  14  0:24  SCV  
  15  0:38  SCV  
  15  0:40  Barracks  
  15  0:42  Refinery  
  16  0:51  SCV  
  16  0:52  Refinery  
  17  1:03  SCV  
  18  1:15  SCV  
  19  1:27  Reaper  
  19  1:28  Orbital Command  
  19  1:31  Supply Depot  
  20  1:39  Factory  
  20  1:53  SCV  
  21  1:59  Reaper  
  22  2:05  SCV  
  23  2:17  Command Center  
  23  2:18  SCV  
  24  2:24  Cyclone  
  26  2:30  SCV  
  26  2:36  Starport  
  27  2:42  SCV  
  28  2:45  Supply Depot  
  28  2:47  Barracks Reactor  
  28  2:55  SCV  
  29  3:01  Cyclone  
  31  3:07  SCV  
  31  3:12  Refinery, Medivac  
  34  3:19  SCV  
  35  3:23  Marine x2  
  37  3:29  Orbital Command  
  37  3:32  SCV  
  38  3:35  Cyclone  
  38  3:41  Marine x2  
  40  3:42  Starport Tech Lab  
  40  3:44  SCV  
  43  3:51  Supply Depot  
  43  3:55  SCV  
  43  3:56  SCV  
  43  4:02  Raven, Marine  
  47  4:03  Marine  
  47  4:07  SCV  
  47  4:08  SCV, Factory Tech Lab  
  51  4:17  Interference Matrix  
  51  4:20  SCV x2  
  51  4:24  Supply Depot  
  53  4:26  Siege Tank  
  54  4:32  SCV  
  54  4:33  SCV, Marine x2  
  54  4:37  Raven  
  58  4:44  SCV  
  58  4:45  SCV  
  60  4:50  Supply Depot  
  60  4:51  Marine x2  
  62  4:56  SCV  
  62  4:57  SCV  
  64  5:04  Siege Tank  
  67  5:12  Supply Depot, SCV  
  67  5:13  SCV  
  69  5:15  Command Center  
  69  5:20  Marine  
  72  5:24  Viking x2  
  72  5:25  Stimpack  
  74  5:29  SCV x2  
  74  5:32  Refinery  
  76  5:36  Supply Depot  
  76  5:40  Marine  
  76  5:41  SCV  
  78  5:49  Siege Tank  
  80  5:57  Marine, Viking x2  
  80  5:59  SCV x2  
  80  6:01  Supply Depot  
  87  6:11  SCV x2  
  87  6:15  Marine, Barracks  
  87  6:16  Barracks  
  90  6:22  Siege Tank  
  90  6:23  SCV  
  90  6:24  SCV  
  91  6:27  Viking  
  91  6:31  Viking  
  95  6:33  Marine  
  95  6:36  SCV x2  
  95  6:45  Engineering Bay  
  95  6:46  Engineering Bay  
  93  6:48  SCV  
  93  6:51  Marine  
  93  6:54  Siege Tank  
  95  7:00  SCV x2  
  93  7:07  Viking x2  
  97  7:08  Barracks Reactor  
  97  7:09  Marine, Barracks Reactor  
  98  7:17  SCV x2  
  100  7:26  Marine  
  100  7:29  SCV  
  101  7:30  SCV  
  101  7:42  SCV x2  
Show
View Real Time Build Order
Export as new Build Order

Spirit Terran 

Build Orders: Cyclone Opening 

Get SALT Encoding   

  12  0:00  SCV  
  13  0:12  SCV  
  14  0:18  Supply Depot  
  14  0:24  SCV  
  15  0:39  SCV  
  15  0:42  Barracks  
  16  0:44  Refinery  
  16  0:51  SCV  
  16  0:53  Refinery  
  17  1:03  SCV  
  18  1:16  SCV  
  19  1:28  Reaper  
  19  1:29  Orbital Command  
  20  1:35  Supply Depot  
  20  1:41  Factory  
  20  1:54  SCV  
  20  2:01  Reaper  
  22  2:06  SCV  
  23  2:17  Command Center  
  23  2:21  SCV  
  24  2:24  Cyclone  
  26  2:33  SCV  
  26  2:36  Supply Depot, Barracks Reactor  
  27  2:46  SCV  
  28  2:55  Starport  
  28  2:58  SCV  
  29  2:59  Factory Tech Lab  
  29  3:10  SCV  
  30  3:13  Marine x2  
  32  3:21  Refinery  
  32  3:22  SCV, Siege Tank  
  36  3:31  Marine  
  36  3:34  Orbital Command  
  38  3:36  Viking  
  38  3:38  Marine  
  38  3:40  SCV  
  41  3:47  Supply Depot  
  41  3:49  Marine  
  41  3:52  SCV  
  43  3:55  Marine  
  43  4:00  SCV  
  45  4:04  Siege Tank, SCV  
  48  4:11  Viking  
  48  4:14  SCV  
  48  4:16  Supply Depot  
  48  4:17  SCV  
  52  4:19  Marine  
  52  4:21  Marine  
  54  4:27  Supply Depot  
  54  4:32  SCV  
  54  4:37  SCV, Siege Tank  
  58  4:42  Supply Depot  
  58  4:44  SCV  
  59  4:49  Supply Depot, SCV  
  59  4:52  Barracks Tech Lab  
  60  4:54  Viking  
  60  4:58  Viking  
  64  5:02  SCV  
  64  5:04  SCV  
  66  5:09  Refinery  
  66  5:10  Siege Tank  
  69  5:14  SCV  
  69  5:20  Supply Depot  
  71  5:23  Marine  
  71  5:24  Liberator  
  71  5:28  Liberator  
  77  5:31  SCV x2  
  79  5:39  Stimpack  
  79  5:41  Marine  
  80  5:43  Supply Depot, SCV x2  
  82  5:54  Siege Tank  
  82  5:55  SCV  
  82  5:56  SCV  
  84  6:07  Viking  
  84  6:11  Viking  
  88  6:13  Command Center  
  87  6:21  SCV  
  84  6:26  Siege Tank  
  84  6:29  SCV  
  88  6:33  SCV  
  88  6:37  Viking  
  84  6:40  Marine  
  84  6:41  Viking  
  84  6:45  SCV  
  69  6:51  SCV  
  69  6:53  Barracks  
  68  6:55  Barracks  
  68  6:57  SCV  
  68  6:58  Siege Tank  
  69  7:04  Engineering Bay x2  
  69  7:07  Viking  
  71  7:10  SCV  
  71  7:11  Viking  
  71  7:17  Marine  
  71  7:18  SCV  
  73  7:31  SCV  
  65  7:40  SCV  
  65  7:43  SCV  
Tags
 
Add a new tag
Caveats
  • Supply blocks, unpowered buildings, or Contaminate may cause inaccurate times.
  • Supply counts are checked every 10 seconds.